Workbook

Sheet Política de BackUp
G2: SISTEMA INTEGRADO DE GESTIÓN GESTIÓN DE TICS POLÍTICA DE RESPALDO, CUSTODIA Y RECUPERACIÓN DE LA INFORMACIÓN | N2: Código: PCA-01-PO-02
N3: Versión: 1.0
N4: Fecha: 2022/04/05
D6: POLÍTICA DE RESPALDO, CUSTODIA Y RECUPERACIÓN DE LA INFORMACIÓN
D10: Contenido
D12: 1. Antecedentes
D13: 2. Objetivo General
D14: 2.1. Objetivos Específicos
D15: 3. Alcance
D16: 4. Definiciones
D17: 5. Generalidades
D18: 5.1 Información a respaldar
D19: 5.2 Frecuencia de respaldo
D20: 5.3 Meta del indicador
D21: 5.4 Custodia de información
... D111: 5.1 Información a respaldar
D113: Ambiente | F113: Nombre Instancia o Carpeta | H113: Descripción
D114: Base de Datos | F114: CORPOCESARPCT2018 | H114: Repositorio de datos de la aplicación PCT para la vigencia 2018 bajo el gestor de Oracle.
D115: Base de Datos | F115: CORPOCESARPCT2019 | H115: Repositorio de datos de la aplicación PCT para la vigencia 2019 bajo el gestor de Oracle.
D116: Base de Datos | F116: CORPOCESARPCT2020 | H116: Repositorio de datos de la aplicación PCT para la vigencia 2020 bajo el gestor de Oracle.
D117: Base de Datos | F117: CORPOCESARPCT2021 | H117: Repositorio de datos de la aplicación PCT para la vigencia 2021 bajo el gestor de Oracle.
D118: Base de Datos | F118: CORPOCESARPCT2022 | H118: Repositorio de datos de la aplicación PCT para la vigencia 2022 bajo el gestor de Oracle.
D119: Base de Datos | F119: CORPOCESAR_SIAN_RH | H119: Repositorio de datos para la aplicación SIAN bajo el gestor de Oracle.
D120: OneDrive | F120: 17025 | H120: Repositorio de datos e información del Sistema de Gestión de Calidad del Laboratorio Ambiental.
D124: 5.2 Frecuencia de respaldo
D126: La frecuencia de las copias de bases de datos correspondientes a vigencias anteriores deben hacerse por lo menos una vez al mes, ya que su variación está relacionada con cambios estructurales en objetos de la base de datos y no en los datos. Al cierre de la vigencia del módulo de Contabilidad, la vigencia inmediatamente anterior, queda con la frecuencia de una vez al mes. Para la base de datos de RRHH se establece un 60% de la meta, es decir, por lo menos 4 copias de seguridad al mes. Para la información gestionada en la nube de los usuarios finales, la cual se actualiza diariamente o de acuerdo a la producción de datos que tenga dicho proceso, se establece un periodo de retención de un mes para los elementos de información eliminados. Sin embargo, el respaldo se realiza en una nube corporativa del área de TI una vez al mes, según la información de uso frecuente que indique el propietario de la información.
D133: 5.3 Meta del indicador
D135: Se establece como meta, el 90% de los días hábiles del mes y se estima un cumplimiento del 80% de ejecución de backup de manera mensual. El indicador de backup se define como el promedio de cumplimiento de copias de seguridad de las tres vigencias anteriores de las bases de datos de PCT y la de SIAN.
D142: 5.4 Custodia de información
D144: De manera local, se respaldan en el servidor donde se encuentra la base de datos. Como respaldo externo se tiene un disco duro externo para la disponibilidad inmediata, en la NAS y de manera permanente en la nube (OneDrive) en la carpeta de BackUp dentro de la Gestión TI. Para la información en la nube (OneDrive) se realiza una copia de seguridad completa en un disco duro externo, el cual tiene una retención de dos años.
D152: 5.5 Periodos de retención
D154: Las copias de seguridad son almacenadas en el servidor local hasta por año. También, se guardan en la nube, específicamente en el OneDrive del área de Sistemas y TICs.
D159: 5.6 Proceso de restauración
D161: Para la restauración de las copias de seguridad de las aplicaciones, se realizará de acuerdo a lo definido en el plan de contingencia de los Sistemas de Información. Para la restauración de los documentos del OneDrive de los usuarios se realiza en primera instancia desde las propiedades de "Version History" de cada documento o desde la opción "Activity" de cada carpeta para que se presente de manera global los cambios realizados en cada documento con el fin de tener indicio de lo ocurrido y el momento del mismo. En caso de no poder obtener la información requerida, se procede a buscar en los elementos eliminados y almacenados en la papelera de reciclaje de OneDrive. Por último, se identifica el documento en la nube de respaldo y se copia en la nube del usuario final.

Sheet Data
A1: Fecha | B1: Base de Datos | C1: Tamaño DUMPFILE (KB) | D1: Tamaño LOG (KB) | E1: Tamaño Comprimido (KB) | F1: Tamaño Total (KB) | G1: Total DUMPFILE y LOG en MB | H1: Diferencia | I1: Reducción (%) | J1: Dia | K1: Mes | L1: Año | M1: Nombre Mes | V1: Valor | W1: Mes
A2: 44565 | B2: PCT2021 | C2: 323260 | D2: 163 | E2: 37264 | F2: =IF(C2="","",SUM(C2:D2)) -> 323423 | G2: =IF(F2="","",F2/1024) -> 315.84277 | H2: =IF(F2="","",F2-E2) -> 286159 | I2: =IF(F2="","", (E2/F2)) -> 0.11521753 | J2: =IF(A2="","",DAY(A2)) -> 4 | K2: =IF(A2="","",MONTH(A2)) -> 1 | L2: =IF(A2="","",YEAR(A2)) -> 2022 | M2: =IF(A2="","",VLOOKUP(MONTH(A2),$V$1:$W$14,2,FALSE)) -> Enero | V2: 1 | W2: Enero
F3: =IF(C3="","",SUM(C3:D3)) | G3: =IF(F3="","",F3/1024) | H3: =IF(F3="","",F3-E3) | I3: =IF(F3="","", (E3/F3)) | J3: =IF(A3="","",DAY(A3)) | K3: =IF(A3="","",MONTH(A3)) | L3: =IF(A3="","",YEAR(A3)) | M3: =IF(A3="","",VLOOKUP(MONTH(A3),$V$1:$W$14,2,FALSE)) | V3: 2 | W3: Febrero
F4: =IF(C4="","",SUM(C4:D4)) | G4: =IF(F4="","",F4/1024) | H4: =IF(F4="","",F4-E4) | I4: =IF(F4="","", (E4/F4)) | J4: =IF(A4="","",DAY(A4)) | K4: =IF(A4="","",MONTH(A4)) | L4: =IF(A4="","",YEAR(A4)) | M4: =IF(A4="","",VLOOKUP(MONTH(A4),$V$1:$W$14,2,FALSE)) | V4: 3 | W4: Marzo
F5: =IF(C5="","",SUM(C5:D5)) | G5: =IF(F5="","",F5/1024) | H5: =IF(F5="","",F5-E5) | I5: =IF(F5="","", (E5/F5)) | J5: =IF(A5="","",DAY(A5)) | K5: =IF(A5="","",MONTH(A5)) | L5: =IF(A5="","",YEAR(A5)) | M5: =IF(A5="","",VLOOKUP(MONTH(A5),$V$1:$W$14,2,FALSE)) | V5: 4 | W5: Abril
F6: =IF(C6="","",SUM(C6:D6)) | G6: =IF(F6="","",F6/1024) | H6: =IF(F6="","",F6-E6) | I6: =IF(F6="","", (E6/F6)) | J6: =IF(A6="","",DAY(A6)) | K6: =IF(A6="","",MONTH(A6)) | L6: =IF(A6="","",YEAR(A6)) | M6: =IF(A6="","",VLOOKUP(MONTH(A6),$V$1:$W$14,2,FALSE)) | V6: 5 | W6: Mayo
F7: =IF(C7="","",SUM(C7:D7)) | G7: =IF(F7="","",F7/1024) | H7: =IF(F7="","",F7-E7) | I7: =IF(F7="","", (E7/F7)) | J7: =IF(A7="","",DAY(A7)) | K7: =IF(A7="","",MONTH(A7)) | L7: =IF(A7="","",YEAR(A7)) | M7: =IF(A7="","",VLOOKUP(MONTH(A7),$V$1:$W$14,2,FALSE)) | V7: 6 | W7: Junio
F8: =IF(C8="","",SUM(C8:D8)) | G8: =IF(F8="","",F8/1024) | H8: =IF(F8="","",F8-E8) | I8: =IF(F8="","", (E8/F8)) | J8: =IF(A8="","",DAY(A8)) | K8: =IF(A8="","",MONTH(A8)) | L8: =IF(A8="","",YEAR(A8)) | M8: =IF(A8="","",VLOOKUP(MONTH(A8),$V$1:$W$14,2,FALSE)) | V8: 7 | W8: Julio
F9: =IF(C9="","",SUM(C9:D9)) | G9: =IF(F9="","",F9/1024) | H9: =IF(F9="","",F9-E9) | I9: =IF(F9="","", (E9/F9)) | J9: =IF(A9="","",DAY(A9)) | K9: =IF(A9="","",MONTH(A9)) | L9: =IF(A9="","",YEAR(A9)) | M9: =IF(A9="","",VLOOKUP(MONTH(A9),$V$1:$W$14,2,FALSE)) | V9: 8 | W9: Agosto
F10: =IF(C10="","",SUM(C10:D10)) | G10: =IF(F10="","",F10/1024) | H10: =IF(F10="","",F10-E10) | I10: =IF(F10="","", (E10/F10)) | J10: =IF(A10="","",DAY(A10)) | K10: =IF(A10="","",MONTH(A10)) | L10: =IF(A10="","",YEAR(A10)) | M10: =IF(A10="","",VLOOKUP(MONTH(A10),$V$1:$W$14,2,FALSE)) | V10: 9 | W10: Septiembre
F11: =IF(C11="","",SUM(C11:D11)) | G11: =IF(F11="","",F11/1024) | H11: =IF(F11="","",F11-E11) | I11: =IF(F11="","", (E11/F11)) | J11: =IF(A11="","",DAY(A11)) | K11: =IF(A11="","",MONTH(A11)) | L11: =IF(A11="","",YEAR(A11)) | M11: =IF(A11="","",VLOOKUP(MONTH(A11),$V$1:$W$14,2,FALSE)) | V11: 10 | W11: Octubre
F12: =IF(C12="","",SUM(C12:D12)) | G12: =IF(F12="","",F12/1024) | H12: =IF(F12="","",F12-E12) | I12: =IF(F12="","", (E12/F12)) | J12: =IF(A12="","",DAY(A12)) | K12: =IF(A12="","",MONTH(A12)) | L12: =IF(A12="","",YEAR(A12)) | M12: =IF(A12="","",VLOOKUP(MONTH(A12),$V$1:$W$14,2,FALSE)) | V12: 11 | W12: Noviembre
F13: =IF(C13="","",SUM(C13:D13)) | G13: =IF(F13="","",F13/1024) | H13: =IF(F13="","",F13-E13) | I13: =IF(F13="","", (E13/F13)) | J13: =IF(A13="","",DAY(A13)) | K13: =IF(A13="","",MONTH(A13)) | L13: =IF(A13="","",YEAR(A13)) | M13: =IF(A13="","",VLOOKUP(MONTH(A13),$V$1:$W$14,2,FALSE)) | V13: 12 | W13: Diciembre
F14: =IF(C14="","",SUM(C14:D14)) | G14: =IF(F14="","",F14/1024) | H14: =IF(F14="","",F14-E14) | I14: =IF(F14="","", (E14/F14)) | J14: =IF(A14="","",DAY(A14)) | K14: =IF(A14="","",MONTH(A14)) | L14: =IF(A14="","",YEAR(A14)) | M14: =IF(A14="","",VLOOKUP(MONTH(A14),$V$1:$W$14,2,FALSE))
F15: =IF(C15="","",SUM(C15:D15)) | G15: =IF(F15="","",F15/1024) | H15: =IF(F15="","",F15-E15) | I15: =IF(F15="","", (E15/F15)) | J15: =IF(A15="","",DAY(A15)) | K15: =IF(A15="","",MONTH(A15)) | L15: =IF(A15="","",YEAR(A15)) | M15: =IF(A15="","",VLOOKUP(MONTH(A15),$V$1:$W$14,2,FALSE))
F16: =IF(C16="","",SUM(C16:D16)) | G16: =IF(F16="","",F16/1024) | H16: =IF(F16="","",F16-E16) | I16: =IF(F16="","", (E16/F16)) | J16: =IF(A16="","",DAY(A16)) | K16: =IF(A16="","",MONTH(A16)) | L16: =IF(A16="","",YEAR(A16)) | M16: =IF(A16="","",VLOOKUP(MONTH(A16),$V$1:$W$14,2,FALSE))
F17: =IF(C17="","",SUM(C17:D17)) | G17: =IF(F17="","",F17/1024) | H17: =IF(F17="","",F17-E17) | I17: =IF(F17="","", (E17/F17)) | J17: =IF(A17="","",DAY(A17)) | K17: =IF(A17="","",MONTH(A17)) | L17: =IF(A17="","",YEAR(A17)) | M17: =IF(A17="","",VLOOKUP(MONTH(A17),$V$1:$W$14,2,FALSE))
F18: =IF(C18="","",SUM(C18:D18)) | G18: =IF(F18="","",F18/1024) | H18: =IF(F18="","",F18-E18) | I18: =IF(F18="","", (E18/F18)) | J18: =IF(A18="","",DAY(A18)) | K18: =IF(A18="","",MONTH(A18)) | L18: =IF(A18="","",YEAR(A18)) | M18: =IF(A18="","",VLOOKUP(MONTH(A18),$V$1:$W$14,2,FALSE))
F19: =IF(C19="","",SUM(C19:D19)) | G19: =IF(F19="","",F19/1024) | H19: =IF(F19="","",F19-E19) | I19: =IF(F19="","", (E19/F19)) | J19: =IF(A19="","",DAY(A19)) | K19: =IF(A19="","",MONTH(A19)) | L19: =IF(A19="","",YEAR(A19)) | M19: =IF(A19="","",VLOOKUP(MONTH(A19),$V$1:$W$14,2,FALSE))
F20: =IF(C20="","",SUM(C20:D20)) | G20: =IF(F20="","",F20/1024) | H20: =IF(F20="","",F20-E20) | I20: =IF(F20="","", (E20/F20)) | J20: =IF(A20="","",DAY(A20)) | K20: =IF(A20="","",MONTH(A20)) | L20: =IF(A20="","",YEAR(A20)) | M20: =IF(A20="","",VLOOKUP(MONTH(A20),$V$1:$W$14,2,FALSE))
F21: =IF(C21="","",SUM(C21:D21)) | G21: =IF(F21="","",F21/1024) | H21: =IF(F21="","",F21-E21) | I21: =IF(F21="","", (E21/F21)) | J21: =IF(A21="","",DAY(A21)) | K21: =IF(A21="","",MONTH(A21)) | L21: =IF(A21="","",YEAR(A21)) | M21: =IF(A21="","",VLOOKUP(MONTH(A21),$V$1:$W$14,2,FALSE))
F22: =IF(C22="","",SUM(C22:D22)) | G22: =IF(F22="","",F22/1024) | H22: =IF(F22="","",F22-E22) | I22: =IF(F22="","", (E22/F22)) | J22: =IF(A22="","",DAY(A22)) | K22: =IF(A22="","",MONTH(A22)) | L22: =IF(A22="","",YEAR(A22)) | M22: =IF(A22="","",VLOOKUP(MONTH(A22),$V$1:$W$14,2,FALSE))
F23: =IF(C23="","",SUM(C23:D23)) | G23: =IF(F23="","",F23/1024) | H23: =IF(F23="","",F23-E23) | I23: =IF(F23="","", (E23/F23)) | J23: =IF(A23="","",DAY(A23)) | K23: =IF(A23="","",MONTH(A23)) | L23: =IF(A23="","",YEAR(A23)) | M23: =IF(A23="","",VLOOKUP(MONTH(A23),$V$1:$W$14,2,FALSE))
F24: =IF(C24="","",SUM(C24:D24)) | G24: =IF(F24="","",F24/1024) | H24: =IF(F24="","",F24-E24) | I24: =IF(F24="","", (E24/F24)) | J24: =IF(A24="","",DAY(A24)) | K24: =IF(A24="","",MONTH(A24)) | L24: =IF(A24="","",YEAR(A24)) | M24: =IF(A24="","",VLOOKUP(MONTH(A24),$V$1:$W$14,2,FALSE))
F25: =IF(C25="","",SUM(C25:D25)) | G25: =IF(F25="","",F25/1024) | H25: =IF(F25="","",F25-E25) | I25: =IF(F25="","", (E25/F25)) | J25: =IF(A25="","",DAY(A25)) | K25: =IF(A25="","",MONTH(A25)) | L25: =IF(A25="","",YEAR(A25)) | M25: =IF(A25="","",VLOOKUP(MONTH(A25),$V$1:$W$14,2,FALSE))
... F726: =IF(C726="","",SUM(C726:D726)) | G726: =IF(F726="","",F726/1024) | H726: =IF(F726="","",F726-E726) | I726: =IF(F726="","", (E726/F726)) | J726: =IF(A726="","",DAY(A726)) | K726: =IF(A726="","",MONTH(A726)) | L726: =IF(A726="","",YEAR(A726)) | M726: =IF(A726="","",VLOOKUP(MONTH(A726),$V$1:$W$14,2,FALSE))

Sheet Avance
C4: Año | D4: 2022
C6: Count of Total DUMPFILE y LOG en MB | D6: Column Labels
C7: Mes | D7: PCT2021 | E7: Total
C8: Enero | D8: 1 | E8: 1
C9: Total | D9: 1 | E9: 1

Sheet Plan_BackUp
E8: SIAN_RH | G8: ONEDRIVE_LAMB | I8: PCT2020 | K8: PCT2021 | M8: PCT2022 | O8: INDICADOR DE BACKUP
B9: Mes | C9: Días Hábiles | D9: Meta | E9: Bck Realizado | F9: % Cumplimiento | G9: Bck Realizado | H9: % Cumplimiento | I9: Bck Realizado | J9: % Cumplimiento | K9: Bck Realizado | L9: % Cumplimiento | M9: Bck Realizado | N9: % Cumplimiento
B10: Enero | C10: 20 | D10: =C10*80% -> 16 | E10: =IFERROR(HLOOKUP($E$8,Avance!$C$7:$H$23,MATCH($B10,Avance!$C$7:$C$23,0),FALSE),0) -> 0 | F10: =IFERROR(IF(E10>=4,1,0),0) -> 0 | G10: =IFERROR(HLOOKUP($G$8,Avance!$C$7:$H$23,MATCH($B10,Avance!$C$7:$C$23,0),FALSE),0) -> 0 | H10: =IFERROR(IF(G10>=4,1,0),0) -> 0 | I10: =IFERROR(HLOOKUP($I$8,Avance!$C$7:$H$23,MATCH($B10,Avance!$C$7:$C$23,0),FALSE),0) -> 0 | J10: =IFERROR(IF(I10>=1,1,0),0) -> 0 | K10: =IFERROR(HLOOKUP($K$8,Avance!$C$7:$H$23,MATCH($B10,Avance!$C$7:$C$23,0),FALSE),0) -> 1 | L10: =IFERROR(IF(K10>=1,1,0),0) -> 1 | M10: =IFERROR(HLOOKUP($M$8,Avance!$C$7:$H$23,MATCH($B10,Avance!$C$7:$C$23,0),FALSE),0) -> 0 | N10: =IFERROR(M10/D10,0) -> 0 | O10: =AVERAGE(F10,H10,J10,L10,N10) -> 0.2
B11: Febrero | C11: 20 | D11: =C11*90% -> 18 | E11: =IFERROR(HLOOKUP($E$8,Avance!$C$7:$H$23,MATCH($B11,Avance!$C$7:$C$23,0),FALSE),0) -> 0 | F11: =IFERROR(IF(E11>=4,1,0),0) -> 0 | G11: =IFERROR(HLOOKUP($G$8,Avance!$C$7:$H$23,MATCH($B11,Avance!$C$7:$C$23,0),FALSE),0) -> 0 | H11: =IFERROR(IF(G11>=4,1,0),0) -> 0 | I11: =IFERROR(HLOOKUP($I$8,Avance!$C$7:$H$23,MATCH($B11,Avance!$C$7:$C$23,0),FALSE),0) -> 0 | J11: =IFERROR(IF(I11>=1,1,0),0) -> 0 | K11: =IFERROR(HLOOKUP($K$8,Avance!$C$7:$H$23,MATCH($B11,Avance!$C$7:$C$23,0),FALSE),0) -> 0 | L11: =IFERROR(IF(K11>=1,1,0),0) -> 0 | M11: =IFERROR(HLOOKUP($M$8,Avance!$C$7:$H$23,MATCH($B11,Avance!$C$7:$C$23,0),FALSE),0) -> 0 | N11: =IFERROR(M11/D11,0) -> 0 | O11: =IF(AVERAGE(F11,L11,N11)>1,1,AVERAGE(F11,L11,N11)) -> 0
B12: Marzo | C12: 22 | D12: =C12*90% -> 19.8 | E12: =IFERROR(HLOOKUP($E$8,Avance!$C$7:$H$23,MATCH($B12,Avance!$C$7:$C$23,0),FALSE),0) -> 0 | F12: =IFERROR(IF(E12>=4,1,0),0) -> 0 | G12: =IFERROR(HLOOKUP($G$8,Avance!$C$7:$H$23,MATCH($B12,Avance!$C$7:$C$23,0),FALSE),0) -> 0 | H12: =IFERROR(IF(G12>=4,1,0),0) -> 0 | I12: =IFERROR(HLOOKUP($I$8,Avance!$C$7:$H$23,MATCH($B12,Avance!$C$7:$C$23,0),FALSE),0) -> 0 | J12: =IFERROR(IF(I12>=1,1,0),0) -> 0 | K12: =IFERROR(HLOOKUP($K$8,Avance!$C$7:$H$23,MATCH($B12,Avance!$C$7:$C$23,0),FALSE),0) -> 0 | L12: =IFERROR(IF(K12>=1,1,0),0) -> 0 | M12: =IFERROR(HLOOKUP($M$8,Avance!$C$7:$H$23,MATCH($B12,Avance!$C$7:$C$23,0),FALSE),0) -> 0 | N12: =IFERROR(M12/D12,0) -> 0 | O12: =IF(AVERAGE(F12,L12,N12)>1,1,AVERAGE(F12,L12,N12)) -> 0
B13: Abril | C13: 19 | D13: =C13*90% -> 17.1 | E13: =IFERROR(HLOOKUP($E$8,Avance!$C$7:$H$23,MATCH($B13,Avance!$C$7:$C$23,0),FALSE),0) -> 0 | F13: =IFERROR(IF(E13>=4,1,0),0) -> 0 | G13: =IFERROR(HLOOKUP($G$8,Avance!$C$7:$H$23,MATCH($B13,Avance!$C$7:$C$23,0),FALSE),0) -> 0 | H13: =IFERROR(IF(G13>=4,1,0),0) -> 0 | I13: =IFERROR(HLOOKUP($I$8,Avance!$C$7:$H$23,MATCH($B13,Avance!$C$7:$C$23,0),FALSE),0) -> 0 | J13: =IFERROR(IF(I13>=1,1,0),0) -> 0 | K13: =IFERROR(HLOOKUP($K$8,Avance!$C$7:$H$23,MATCH($B13,Avance!$C$7:$C$23,0),FALSE),0) -> 0 | L13: =IFERROR(IF(K13>=1,1,0),0) -> 0 | M13: =IFERROR(HLOOKUP($M$8,Avance!$C$7:$H$23,MATCH($B13,Avance!$C$7:$C$23,0),FALSE),0) -> 0 | N13: =IFERROR(M13/D13,0) -> 0 | O13: =IF(AVERAGE(F13,L13,N13)>1,1,AVERAGE(F13,L13,N13)) -> 0
B14: Mayo | C14: 21 | D14: =C14*90% -> 18.9 | E14: =IFERROR(HLOOKUP($E$8,Avance!$C$7:$H$23,MATCH($B14,Avance!$C$7:$C$23,0),FALSE),0) -> 0 | F14: =IFERROR(IF(E14>=4,1,0),0) -> 0 | G14: =IFERROR(HLOOKUP($G$8,Avance!$C$7:$H$23,MATCH($B14,Avance!$C$7:$C$23,0),FALSE),0) -> 0 | H14: =IFERROR(IF(G14>=4,1,0),0) -> 0 | I14: =IFERROR(HLOOKUP($I$8,Avance!$C$7:$H$23,MATCH($B14,Avance!$C$7:$C$23,0),FALSE),0) -> 0 | J14: =IFERROR(IF(I14>=1,1,0),0) -> 0 | K14: =IFERROR(HLOOKUP($K$8,Avance!$C$7:$H$23,MATCH($B14,Avance!$C$7:$C$23,0),FALSE),0) -> 0 | L14: =IFERROR(IF(K14>=1,1,0),0) -> 0 | M14: =IFERROR(HLOOKUP($M$8,Avance!$C$7:$H$23,MATCH($B14,Avance!$C$7:$C$23,0),FALSE),0) -> 0 | N14: =IFERROR(M14/D14,0) -> 0 | O14: =IF(AVERAGE(F14,L14,N14)>1,1,AVERAGE(F14,L14,N14)) -> 0
B15: Junio | C15: 20 | D15: =C15*90% -> 18 | E15: =IFERROR(HLOOKUP($E$8,Avance!$C$7:$H$23,MATCH($B15,Avance!$C$7:$C$23,0),FALSE),0) -> 0 | F15: =IFERROR(IF(E15>=4,1,0),0) -> 0 | G15: =IFERROR(HLOOKUP($G$8,Avance!$C$7:$H$23,MATCH($B15,Avance!$C$7:$C$23,0),FALSE),0) -> 0 | H15: =IFERROR(IF(G15>=4,1,0),0) -> 0 | I15: =IFERROR(HLOOKUP($I$8,Avance!$C$7:$H$23,MATCH($B15,Avance!$C$7:$C$23,0),FALSE),0) -> 0 | J15: =IFERROR(IF(I15>=1,1,0),0) -> 0 | K15: =IFERROR(HLOOKUP($K$8,Avance!$C$7:$H$23,MATCH($B15,Avance!$C$7:$C$23,0),FALSE),0) -> 0 | L15: =IFERROR(IF(K15>=1,1,0),0) -> 0 | M15: =IFERROR(HLOOKUP($M$8,Avance!$C$7:$H$23,MATCH($B15,Avance!$C$7:$C$23,0),FALSE),0) -> 0 | N15: =IFERROR(M15/D15,0) -> 0 | O15: =IF(AVERAGE(F15,L15,N15)>1,1,AVERAGE(F15,L15,N15)) -> 0
B16: Julio | C16: 19 | D16: =C16*90% -> 17.1 | E16: =IFERROR(HLOOKUP($E$8,Avance!$C$7:$H$23,MATCH($B16,Avance!$C$7:$C$23,0),FALSE),0) -> 0 | F16: =IFERROR(IF(E16>=4,1,0),0) -> 0 | G16: =IFERROR(HLOOKUP($G$8,Avance!$C$7:$H$23,MATCH($B16,Avance!$C$7:$C$23,0),FALSE),0) -> 0 | H16: =IFERROR(IF(G16>=4,1,0),0) -> 0 | I16: =IFERROR(HLOOKUP($I$8,Avance!$C$7:$H$23,MATCH($B16,Avance!$C$7:$C$23,0),FALSE),0) -> 0 | J16: =IFERROR(IF(I16>=1,1,0),0) -> 0 | K16: =IFERROR(HLOOKUP($K$8,Avance!$C$7:$H$23,MATCH($B16,Avance!$C$7:$C$23,0),FALSE),0) -> 0 | L16: =IFERROR(IF(K16>=1,1,0),0) -> 0 | M16: =IFERROR(HLOOKUP($M$8,Avance!$C$7:$H$23,MATCH($B16,Avance!$C$7:$C$23,0),FALSE),0) -> 0 | N16: =IFERROR(M16/D16,0) -> 0 | O16: =IF(AVERAGE(F16,L16,N16)>1,1,AVERAGE(F16,L16,N16)) -> 0
B17: Agosto | C17: 22 | D17: =C17*90% -> 19.8 | E17: =IFERROR(HLOOKUP($E$8,Avance!$C$7:$H$23,MATCH($B17,Avance!$C$7:$C$23,0),FALSE),0) -> 0 | F17: =IFERROR(IF(E17>=4,1,0),0) -> 0 | G17: =IFERROR(HLOOKUP($G$8,Avance!$C$7:$H$23,MATCH($B17,Avance!$C$7:$C$23,0),FALSE),0) -> 0 | H17: =IFERROR(IF(G17>=4,1,0),0) -> 0 | I17: =IFERROR(HLOOKUP($I$8,Avance!$C$7:$H$23,MATCH($B17,Avance!$C$7:$C$23,0),FALSE),0) -> 0 | J17: =IFERROR(IF(I17>=1,1,0),0) -> 0 | K17: =IFERROR(HLOOKUP($K$8,Avance!$C$7:$H$23,MATCH($B17,Avance!$C$7:$C$23,0),FALSE),0) -> 0 | L17: =IFERROR(IF(K17>=1,1,0),0) -> 0 | M17: =IFERROR(HLOOKUP($M$8,Avance!$C$7:$H$23,MATCH($B17,Avance!$C$7:$C$23,0),FALSE),0) -> 0 | N17: =IFERROR(M17/D17,0) -> 0 | O17: =IF(AVERAGE(F17,L17,N17)>1,1,AVERAGE(F17,L17,N17)) -> 0
B18: Septiembre | C18: 22 | D18: =C18*90% -> 19.8 | E18: =IFERROR(HLOOKUP($E$8,Avance!$C$7:$H$23,MATCH($B18,Avance!$C$7:$C$23,0),FALSE),0) -> 0 | F18: =IFERROR(IF(E18>=4,1,0),0) -> 0 | G18: =IFERROR(HLOOKUP($G$8,Avance!$C$7:$H$23,MATCH($B18,Avance!$C$7:$C$23,0),FALSE),0) -> 0 | H18: =IFERROR(IF(G18>=4,1,0),0) -> 0 | I18: =IFERROR(HLOOKUP($I$8,Avance!$C$7:$H$23,MATCH($B18,Avance!$C$7:$C$23,0),FALSE),0) -> 0 | J18: =IFERROR(IF(I18>=1,1,0),0) -> 0 | K18: =IFERROR(HLOOKUP($K$8,Avance!$C$7:$H$23,MATCH($B18,Avance!$C$7:$C$23,0),FALSE),0) -> 0 | L18: =IFERROR(IF(K18>=1,1,0),0) -> 0 | M18: =IFERROR(HLOOKUP($M$8,Avance!$C$7:$H$23,MATCH($B18,Avance!$C$7:$C$23,0),FALSE),0) -> 0 | N18: =IFERROR(M18/D18,0) -> 0 | O18: =IF(AVERAGE(F18,L18,N18)>1,1,AVERAGE(F18,L18,N18)) -> 0
B19: Octubre | C19: 20 | D19: =C19*90% -> 18 | E19: =IFERROR(HLOOKUP($E$8,Avance!$C$7:$H$23,MATCH($B19,Avance!$C$7:$C$23,0),FALSE),0) -> 0 | F19: =IFERROR(IF(E19>=4,1,0),0) -> 0 | G19: =IFERROR(HLOOKUP($G$8,Avance!$C$7:$H$23,MATCH($B19,Avance!$C$7:$C$23,0),FALSE),0) -> 0 | H19: =IFERROR(IF(G19>=4,1,0),0) -> 0 | I19: =IFERROR(HLOOKUP($I$8,Avance!$C$7:$H$23,MATCH($B19,Avance!$C$7:$C$23,0),FALSE),0) -> 0 | J19: =IFERROR(IF(I19>=1,1,0),0) -> 0 | K19: =IFERROR(HLOOKUP($K$8,Avance!$C$7:$H$23,MATCH($B19,Avance!$C$7:$C$23,0),FALSE),0) -> 0 | L19: =IFERROR(IF(K19>=1,1,0),0) -> 0 | M19: =IFERROR(HLOOKUP($M$8,Avance!$C$7:$H$23,MATCH($B19,Avance!$C$7:$C$23,0),FALSE),0) -> 0 | N19: =IFERROR(M19/D19,0) -> 0 | O19: =IF(AVERAGE(F19,L19,N19)>1,1,AVERAGE(F19,L19,N19)) -> 0
B20: Noviembre | C20: 20 | D20: =C20*90% -> 18 | E20: =IFERROR(HLOOKUP($E$8,Avance!$C$7:$H$23,MATCH($B20,Avance!$C$7:$C$23,0),FALSE),0) -> 0 | F20: =IFERROR(IF(E20>=4,1,0),0) -> 0 | G20: =IFERROR(HLOOKUP($G$8,Avance!$C$7:$H$23,MATCH($B20,Avance!$C$7:$C$23,0),FALSE),0) -> 0 | H20: =IFERROR(IF(G20>=4,1,0),0) -> 0 | I20: =IFERROR(HLOOKUP($I$8,Avance!$C$7:$H$23,MATCH($B20,Avance!$C$7:$C$23,0),FALSE),0) -> 0 | J20: =IFERROR(IF(I20>=1,1,0),0) -> 0 | K20: =IFERROR(HLOOKUP($K$8,Avance!$C$7:$H$23,MATCH($B20,Avance!$C$7:$C$23,0),FALSE),0) -> 0 | L20: =IFERROR(IF(K20>=1,1,0),0) -> 0 | M20: =IFERROR(HLOOKUP($M$8,Avance!$C$7:$H$23,MATCH($B20,Avance!$C$7:$C$23,0),FALSE),0) -> 0 | N20: =IFERROR(M20/D20,0) -> 0 | O20: =IF(AVERAGE(F20,L20,N20)>1,1,AVERAGE(F20,L20,N20)) -> 0
B21: Diciembre | C21: 21 | D21: =C21*90% -> 18.9 | E21: =IFERROR(HLOOKUP($E$8,Avance!$C$7:$H$23,MATCH($B21,Avance!$C$7:$C$23,0),FALSE),0) -> 0 | F21: =IFERROR(IF(E21>=4,1,0),0) -> 0 | G21: =IFERROR(HLOOKUP($G$8,Avance!$C$7:$H$23,MATCH($B21,Avance!$C$7:$C$23,0),FALSE),0) -> 0 | H21: =IFERROR(IF(G21>=4,1,0),0) -> 0 | I21: =IFERROR(HLOOKUP($I$8,Avance!$C$7:$H$23,MATCH($B21,Avance!$C$7:$C$23,0),FALSE),0) -> 0 | J21: =IFERROR(IF(I21>=1,1,0),0) -> 0 | K21: =IFERROR(HLOOKUP($K$8,Avance!$C$7:$H$23,MATCH($B21,Avance!$C$7:$C$23,0),FALSE),0) -> 0 | L21: =IFERROR(IF(K21>=1,1,0),0) -> 0 | M21: =IFERROR(HLOOKUP($M$8,Avance!$C$7:$H$23,MATCH($B21,Avance!$C$7:$C$23,0),FALSE),0) -> 0 | N21: =IFERROR(M21/D21,0) -> 0 | O21: =IF(AVERAGE(F21,L21,N21)>1,1,AVERAGE(F21,L21,N21)) -> 0
